 Dungeon Crawl Stone Soup version 0.18-a0-1026-ge317a7f (webtiles) character file.

3030 Jmtri7 the Severer (level 9, -2/70 HPs)
             Began as a Hill Orc Fighter on Jan 8, 2016.
             Was a Believer of Okawaru.
             Succumbed to a gnoll's poison
             ... on level 8 of the Dungeon.
             The game lasted 00:36:09 (5907 turns).

Jmtri7 the Severer (Hill Orc Fighter)               Turns: 5907, Time: 00:36:09

Health: -2/70      AC: 14    Str: 24    XL:     9   Next: 86%
Magic:  9/9        EV:  8    Int:  8    God:    Okawaru [**....]
Gold:   214        SH:  9    Dex: 10    Spells: 0 memorised, 8 levels left

rFire  . . .     SeeInvis .     D - +0 broad axe
rCold  . . .     Gourm    +     B - +1 chain mail of Narcissism {MR+ Str+2}
rNeg   . . .     Faith    .     c - +0 shield
rPois  .         Spirit   .     (no helmet)
rElec  .         Dismiss  .     o - +0 cloak
rCorr  .         Reflect  .     (no gloves)
SustAt .         Harm     .     G - +0 pair of boots
MR     +....                    v - amulet of the gourmand
Stlth  ..........               x - +2 ring of protection
                                l - +3 ring of evasion

@: lethally poisoned (-2 -> -46), somewhat resistant to hostile enchantments,
extremely unstealthy
A: no striking features
a: Heroism, Renounce Religion


You were on level 8 of the Dungeon.
You worshipped Okawaru.
Okawaru was pleased with you.
You were very full.

You visited 2 branches of the dungeon, and saw 9 of its levels.

You collected 404 gold pieces.
You spent 190 gold pieces at shops.

Inventory:

Hand Weapons
 D - a +0 broad axe (weapon)
Armour
 c - a +0 shield (worn)
 o - a +0 cloak (worn)
 s - a +1 plate armour
 B - the +1 chain mail of Narcissism (worn) {MR+ Str+2}
   (You bought it in a shop on level 4 of the Dungeon)

   It affects your strength (+2).
   It affects your resistance to hostile enchantments.
 G - a +0 pair of boots (worn)
Jewellery
 e - an uncursed ring of protection from cold
 g - an uncursed ring of poison resistance
 l - a +3 ring of evasion (left hand)
 v - an amulet of the gourmand (around neck)
 x - a +2 ring of protection (right hand)
 z - a -2 ring of evasion
 E - an uncursed ring of positive energy
Wands
 i - a wand of flame (22/48)
 y - a wand of disintegration (17/24)
 C - a wand of polymorph (0/24)
 H - a wand of magic darts (0/48)
Scrolls
 a - a scroll of teleportation {unknown}
 m - 2 scrolls of enchant weapon
 p - 4 scrolls of remove curse
 r - 4 scrolls of identify
 I - a scroll of fog {unknown}
 N - a scroll of amnesia {unknown}
Potions
 b - 2 potions of poison {unknown}
 h - 4 potions of lignification
 j - 2 potions of cure mutation
 k - 2 potions of brilliance {unknown}
 n - a potion of beneficial mutation {unknown}
 t - a potion of mutation {unknown}
 A - a potion of haste {unknown}
 F - a potion of curing {unknown}
 M - a potion of resistance {unknown}
Books
 K - a book of Spatial Translocations

   Spells                             Type                      Level
   a - Apportation                    Translocation                1
   b - Blink                          Translocation                2
   c - Shroud of Golubria             Charms/Translocation         2
   d - Portal Projectile              Translocation                3
   e - Teleport Other                 Translocation                3
   f - Passage of Golubria            Translocation                4
Comestibles
 f - 7 bread rations
 q - 4 fruits
 u - 2 meat rations
 w - a slice of pizza
 L - a beef jerky


   Skills:
 - Level 3.6 Fighting
 + Level 16.3 Axes
 - Level 3.2 Armour
 - Level 3.2 Shields


You had 8 spell levels left.
You didn't know any spells.

Dungeon Overview and Level Annotations

Branches:
Dungeon (8/15)             Temple (1/1) D:5
   Lair: D:8-11

Altars:
Ashenzari
Cheibriados
Dithmenos
Elyvilon
Fedhas
Gozag
Kikubaaqudgha
Makhleb
Nemelex Xobeh
Okawaru
Pakellas
Qazlal
Ru
Sif Muna
Vehumet
Xom
Zin
The Shining One

Shops:
D:4 [


Message History

* * * LOW HITPOINT WARNING * * *
The gnoll barely misses you.
You barely miss the gnoll.
The gnoll is heavily wounded.
You closely miss the gnoll sergeant.
The gnoll sergeant is severely wounded.
* * * LOW HITPOINT WARNING * * *
You feel very sick. The gnoll hits you but does no damage.
You are more poisoned.
As you read the scroll of fear, it crumbles to dust.
You assume a fearsome visage.
The gnoll sergeant looks frightened!
The gnoll looks frightened! x3
* * * LOW HITPOINT WARNING * * *
You feel very sick.
* * * LOW HITPOINT WARNING * * *
You feel very sick.
Things that are here:
a halberd; a gnoll corpse You die...

..<...........
.............
............
...........
..........
.....g...#+####
#.....#....#
+...<.#....#
#...@.#....#
#..g.)#)...#
#.....†....#
#.g...#†...#
#.....#...##
#..g..#...#
#.....#...#
#.....#$..+
+.....+...#


You could see a gnoll sergeant (fleeing) and 3 gnolls.

Vanquished Creatures
  Prince Ribbit (D:6)
  Sigmund (D:5)
  A hungry ghost (D:7)
  4 ice beasts
  An orc warrior (D:6)
  A sky beast (D:7)
  Duvessa (D:7)
  2 ogres
  A phantom (D:7)
  A centaur (D:7)
  2 giant frogs (D:6)
  A gnoll sergeant (D:7)
  Dowan (D:7)
  A scorpion (D:5)
  A water moccasin skeleton (D:6)
  A wight (D:7)
  3 crimson imps
  A hound (D:7)
  A quasit (D:7)
  3 centaur skeletons
  3 giant frog skeletons
  A jelly (D:7)
  A giant frog zombie (D:5)
  2 orc priests
  8 orc wizards
  4 worker ants
  Terence (D:2)
  A hound skeleton (D:4)
  16 gnolls
  10 adders
  2 shadow imps
  The ghost of Jmtri7 the Charlatan, a weakling FoAr (D:7)
  2 giant geckos
  28 orcs
  9 bats
  6 giant cockroaches
  7 goblins
  6 hobgoblins
  6 jackals
  3 kobolds (D:1)
  3 quokkas
  2 ball pythons
  4 giant newts
  A jackal skeleton (D:4)
  7 rats
163 creatures vanquished.

Notes
Turn   | Place    | Note
--------------------------------------------------------------
     0 | D:1      | Jmtri7 the Hill Orc Fighter began the quest for the Orb.
     0 | D:1      | Reached XP level 1. HP: 19/19 MP: 1/1
    84 | D:1      | Reached XP level 2. HP: 19/26 MP: 2/2
   321 | D:1      | Reached skill level 4 in Axes
   629 | D:2      | Reached XP level 3. HP: 31/31 MP: 3/3
   657 | D:2      | Reached skill level 5 in Axes
   974 | D:2      | Noticed Terence
   983 | D:2      | Killed Terence
   983 | D:2      | Reached XP level 4. HP: 13/39 MP: 4/4
  1217 | D:2      | Reached skill level 6 in Axes
  1650 | D:3      | Reached XP level 5. HP: 45/45 MP: 5/5
  1754 | D:3      | Reached skill level 7 in Axes
  2290 | D:4      | Reached skill level 8 in Axes
  2290 | D:4      | Reached XP level 6. HP: 49/51 MP: 6/6
  2705 | D:4      | Found Epiunob's Antique Armour Boutique.
  2708 | D:4      | Bought an agate-encrusted chain mail for 190 gold pieces
  2718 | D:4      | Identified the +1 chain mail of Narcissism {MR+ Str+2} (You bought it in a shop on level 4 of the Dungeon)
  2812 | D:4      | Reached skill level 9 in Axes
  2867 | D:4      | Reached XP level 7. HP: 40/57 MP: 7/7
  2873 | D:5      | Entered Level 5 of the Dungeon
  2875 | D:5      | Noticed Prince Ribbit
  3073 | D:5      | Noticed Sigmund
  3155 | D:5      | Killed Sigmund
  3155 | D:5      | Reached skill level 10 in Axes
  3201 | D:5      | Found a deep blue altar of Sif Muna.
  3211 | D:5      | Found a staircase to the Ecumenical Temple.
  3238 | D:5      | Reached skill level 11 in Axes
  3260 | D:5      | Found a stormy altar of Qazlal.
  3280 | D:5      | Reached XP level 8. HP: 53/64 MP: 8/8
  3352 | D:5      | Found a shattered altar of Ashenzari.
  3375 | D:5      | Reached skill level 12 in Axes
  3963 | D:6      | Found an oddly glowing altar of Pakellas.
  4106 | D:6      | Killed Prince Ribbit
  4106 | D:6      | Reached skill level 13 in Axes
  4173 | D:6      | Found a deep blue altar of Sif Muna.
  4471 | D:6      | Found a sparkling altar of Nemelex Xobeh.
  4507 | D:6      | Found a shattered altar of Ashenzari.
  4530 | D:6      | Reached XP level 9. HP: 63/70 MP: 9/9
  4549 | D:6      | Reached skill level 14 in Axes
  4578 | Temple   | Entered the Ecumenical Temple
  4632 | Temple   | Became a worshipper of Warmaster Okawaru
  4855 | D:7      | Noticed Jmtri7's ghost (weakling FoAr)
  4860 | D:7      | Killed Jmtri7's ghost
  4867 | D:7      | Found a shadowy altar of Dithmenos.
  4908 | D:7      | Noticed Dowan
  4909 | D:7      | Noticed Duvessa
  4916 | D:7      | Killed Duvessa
  4930 | D:7      | Killed Dowan
  4976 | D:7      | Found a blossoming altar of Fedhas.
  5065 | D:7      | Reached * piety under Okawaru
  5065 | D:7      | Reached skill level 15 in Axes
  5172 | D:7      | Found a shimmering altar of Xom.
  5593 | D:7      | Reached skill level 16 in Axes
  5607 | D:7      | Found a burning altar of Makhleb.
  5701 | D:7      | Reached ** piety under Okawaru
  5906 | D:8      | HP: 2/70 [poisoned by a gnoll]
  5907 | D:8      | Succumbed to a gnoll's poison

Vault maps used:
D:1:      ncdulo_lavacross
D:2:      uniq_terence
D:3:      first_bread
D:4:      serial_shops, kennysheep_mini_moat
D:5:      evilmike_ruin_ashenzari, lemuel_doored_altar, grunt_qazlal_sundering,
          minmay_temple_entry_from_below_a, uniq_prince_ribbit1, uniq_sigmund
D:6:      johnstein_pakellas_death_squad, nicolae_overflow_crystal_walls,
          hangedman_feature_mirror, minmay_misc_feat_encased
D:7:      marbit_many_paths, grunt_dithmenos_shadows, fedhas_altar_2,
          grunt_ogre_cave, st_stairs_9, bloody_makhleb, uniq_duvessa
D:8:      chequers_ossuary_entry_cave, elyvilon_altar_5
Temple:   chequers_temple_sunken_temple

Action                   |  1- 3 |  4- 6 |  7- 9 || total
-------------------------+-------+-------+-------++-------
Melee: War axe           |   107 |   141 |   165 ||   413
       Broad axe         |       |       |   168 ||   168
  Use: Potion            |     1 |       |       ||     1
       Scroll            |       |    10 |     3 ||    13
  Eat: Chunk             |       |    14 |    20 ||    34
       Bread ration      |       |       |     1 ||     1
       Beef jerky        |       |       |     1 ||     1
